 Dungeon Crawl Stone Soup version 0.28-a0-1518-gbe868bca14 (webtiles) character file.

Game seed: 12063639688451217140

19 Essalna the Sneak (level 2, 0/25 HPs)
             Began as a Djinni Delver on Jan 17, 2022.
             Slain by a kobold brigand (3 damage)
             ... on level 5 of the Dungeon.
             The game lasted 00:00:57 (177 turns).

Essalna the Sneak (Djinni Delver)                    Turns: 177, Time: 00:00:58

Health: 0/25       AC:  3    Str: 11    XL:     2   Next: 95%
Gold:   0          EV: 12    Int: 11    God:
                   SH:  0    Dex: 14

rFire   + + .      SeeInvis .   h - +3 dagger (venom)
rCold   x . .      Faith    .   (no shield)
rNeg    . . .      Spirit   .   b - +0 leather armour
rPois   ∞          Reflect  .   (no helmet)
rElec   .          Harm     .   (no cloak)
rCorr   .          Rampage  .   (no gloves)
Will    .....                   (boots unavailable)
Stlth   ++........              (no amulet)
HPRegen 0.08/turn               (no ring)
MPRegen 0.00/turn               (no ring)

@: flying
A: sickness immunity, fire resistance 2, cold vulnerability 1, float, innate
caster, hp casting, extra vitality 1
a: no special abilities


You were on level 5 of the Dungeon.
You visited 1 branch of the dungeon, and saw 1 of its levels.

Inventory:

Hand Weapons
 a - a +0 falchion
 h - a +3 dagger of venom (weapon)
Armour
 b - a +0 leather armour (worn)
Wands
 g - a wand of digging (3)
Scrolls
 c - a scroll of fog
 d - a scroll of magic mapping
 e - a scroll of fear
Potions
 f - a potion of haste


   Skills:
 - Level 3.0 Fighting
 - Level 1.7 Long Blades
 - Level 2.1 Dodging
 - Level 4.1 Stealth
 + Level 1.6 Spellcasting


You had 4 spell levels left.
You didn't know any spells.
Your spell library was empty.

Dungeon Overview and Level Annotations

Branches:
Dungeon (5/15)
 Temple: D:4-7

Altars:


Innate Abilities, Weirdness & Mutations

You are immune to sickness and miasma.
You are immune to poison.
Your flesh is very heat resistant. (rF++)
You are vulnerable to cold. (rC-)
You float through the air rather than walking.
You learn spells naturally, not from books.
Your magical power is your life essence.
You have superior vitality. (+4 MHP)


Message History

Found a book of Vapours.
A kobold brigand and a kobold come into view.
The kobold brigand is wielding a +0 club and quivering poisoned darts.
The kobold is wielding a +3 dagger of venom.
Found a chain mail.
The kobold shouts!
The kobold brigand shouts!
A kobold comes into view. It is wielding a +0 club.
The kobold brigand moves out of view.
The kobold shouts!
You hit the kobold.
You kill the kobold!
The kobold brigand throws a poisoned dart.
The poisoned dart closely misses you.
A kobold comes into view. It is wielding a +0 dagger.
Things that are here:
a +3 dagger of venom; a kobold corpse
h - a +3 dagger of venom Your +3 dagger of venom begins to drip with poison!
h - a +3 dagger of venom (weapon)
The kobold brigand completely misses you.
The kobold throws a stone.
The stone hits you but does no damage.
You barely miss the kobold brigand.
The kobold brigand hits you with a +0 club!
You barely miss the kobold brigand. The kobold brigand barely misses you.
You hit the kobold brigand.
The kobold brigand is poisoned.
The kobold brigand is lightly wounded.
The kobold brigand barely misses you. The kobold barely misses you.
You barely miss the kobold brigand.
The kobold brigand is lightly wounded.
The kobold brigand hits you with a +0 club.
The kobold hits you with a +0 dagger.
You hit the kobold brigand.
The kobold brigand is moderately wounded.
The kobold brigand hits you with a +0 club!
* * * LOW HITPOINT WARNING * * *
The kobold hits you but does no damage.
You hit the kobold brigand.
The kobold brigand looks as sick as possible!
The kobold brigand is moderately wounded.
The kobold brigand hits you with a +0 club.
You die...

##♣..:..♣ #.. ....... ####..
.... :# #..... ♣♣♣?♣♣♣
.##########.###. ♣.....♣♣
..##...>....#...
♣..###..♣♣...########.#.##
♣.[ ##..♣♣..♣# #.#.## ♣..
##KK♣...# #....# ♣.
##@♣...#######.#.#. ..
#†....#........... K
##.♣...#.#####.#.#. .#
##..♣...#.# #....# ..#
#..♣♣..♣#.# #.<.##
.♣♣..###..♣♣...##.# #(###
..♣ .....♣♣...###.# #.####
...♣♣♣.♣♣♣[..## #.#####.....
#...........#####......#####


You could see a kobold brigand (extremely poisoned) and a kobold.

Vanquished Creatures
  2 adders (D:5)
  A kobold (D:5)
3 creatures vanquished.

Notes
Turn   | Place    | Note
-------+----------+-------------------------------------------
     0 | D:5      | Essalna the Djinni Delver began the quest for the Orb.
     0 | D:5      | Reached XP level 1. HP: 20/20 MP: 0/0
    21 | D:5      | Reached skill level 1 in Spellcasting
    21 | D:5      | Reached XP level 2. HP: 24/25 MP: 0/0
   157 | D:5      | Noticed a kobold brigand
   177 | D:5      | Slain by a kobold brigand

Illustrated notes

Levels and vault maps discovered:
D:5:      layout_loops_ring, gup_ossuary_entry_pyramid, minmay_misc_feat_square,
          corexii_leaking_fountain, kennysheep_minor_cross, kennysheep_donut,
          feat_on_display

Skill      XL: |  1 |
---------------+----+-----
Spellcasting   | 1 |  1.6
Fighting       | |  3.0
Long Blades    | |  1.7
Dodging        | |  2.1
Stealth        | |  4.1

Action                   || total
-------------------------++-------
Melee: Falchion          ||    11
       Dagger            ||     6
Armor: Leather armour    ||     6
Dodge: Dodged            ||    14

Table legend: (Time is in decaauts)
 A = Elapsed time spent in this place.
 B = Non-inter-level travel time spent in this place.
 C = Inter-level travel time spent in this place.
 D = Time resting spent in this place.
 E = Time spent auto-exploring this place.
 F = Levels seen in this place.
 G = Mean time per level.
                   A        B        C        D        E       F      G
               +--------+--------+--------+--------+--------+-----+--------+
         Total |    178 |    172 |      6 |      0 |    124 |   1 |  178.0 |
       Dungeon |    178 |    172 |      6 |      0 |    124 |   1 |  178.0 |
               +--------+--------+--------+--------+--------+-----+--------+

Top non-repeatable levels by time:
     D:5: 178 daAuts
